 Dungeon Crawl Stone Soup version 0.28.0-53-g5a82cb258f (webtiles) character file.

Game seed: 14826203302056277468

1871 Scuddy the Firebug (level 8, -1/54 HPs)
             Began as a Demonspawn Fire Elementalist on July 5, 2022.
             Succumbed to a water moccasin's poison
             ... on level 8 of the Dungeon.
             The game lasted 00:19:20 (6973 turns).

Scuddy the Firebug (Demonspawn Fire Elementalist)   Turns: 6973, Time: 00:19:20

Health: -1/54      AC:  7    Str: 10    XL:     8   Next: 90%
Magic:  4/15       EV: 11    Int: 24    God:
Gold:   170        SH:  0    Dex: 13    Spells: 4/17 levels left

rFire   . . .      SeeInvis .   k - +2 whip (vamp)
rCold   + . .      Faith    .   (no shield)
rNeg    + . .      Spirit   +   w - +2 leather armour {rN+}
rPois   .          Reflect  .   (helmet restricted)
rElec   .          Harm     .   (no cloak)
rCorr   .          Rampage  .   (no gloves)
Will    .....                   (no boots)
Stlth   ++........              g - amulet of regeneration
HPRegen 0.98/turn               v - +6 ring of intelligence
MPRegen 0.28/turn               o - ring of protection from cold

@: lethally poisoned (-1 -> -9)
A: antennae 1, rugged brown scales 2, magic shield, magic regeneration, magic
link
a: no special abilities


You were on level 8 of the Dungeon.
You visited 1 branch of the dungeon, and saw 8 of its levels.

You collected 267 gold pieces.
You spent 97 gold pieces at shops.

Inventory:

Hand Weapons
 b - a +0 dagger
 h - a +0 quarterstaff of venom
 k - a +2 vampiric whip (weapon)
Armour
 a - a +0 robe
 d - a +0 helmet
 w - a +2 leather armour of positive energy (worn)
 C - a scarf of harm
Jewellery
 e - a +6 ring of dexterity
 g - an amulet of regeneration (around neck)
 j - a +6 ring of strength
 o - a ring of protection from cold (right hand)
 r - a ring of flight
 s - an amulet of faith
 v - a +6 ring of intelligence (left hand)
Wands
 l - a wand of polymorph (9)
 p - a wand of paralysis (2)
 z - a wand of iceblast (10)
Scrolls
 i - 2 scrolls of identify
 t - a scroll of blinking
 y - a scroll of teleportation
 B - a scroll of fear
 D - a scroll of fog {unknown}
Potions
 c - a potion of mutation
 f - 2 potions of lignification
 m - a potion of resistance {unknown}
 n - 2 potions of brilliance
 q - a potion of flight
 u - a potion of curing {unknown}
 x - a potion of haste {unknown}
 A - 2 potions of attraction {unknown}
 E - a potion of cancellation {unknown}


   Skills:
 + Level 3.9 Maces & Flails
 - Level 1.7 Dodging
 - Level 1.7 Stealth
 - Level 5.0 Spellcasting
 + Level 5.4 Conjurations
 + Level 1.9 Hexes
 * Level 7.2 Fire Magic


You had 4 spell levels left.
You knew the following spells:

 Your Spells              Type           Power      Damage    Failure   Level
a - Foxfire               Conj/Fire      100%       2x1d9     1%          1
b - Scorch                Fire           80%        2d9       1%          2
c - Conjure Flame         Conj/Fire      36%        6-21      2%          3
d - Inner Flame           Hex/Fire       28%        N/A       5%          3
e - Flame Wave            Conj/Fire      36%        2d9       9%          4

Your spell library contained the following spells:

 Spells                   Type           Power      Damage    Failure   Level
 Sandblast                Erth           12%        2d6       12%         1
 Stone Arrow              Conj/Erth      36%        3d9       12%         3
 Passwall                 Tmut/Erth      5%         N/A       19%         2
 Animate Armour           Summ/Erth      12%        N/A       75%         4
 Blade Hands              Tmut           3%         N/A       97%         5
 Iron Shot                Conj/Erth      9%         9d3       99%         6


Dungeon Overview and Level Annotations

Branches:
Dungeon (8/15)
 Temple: D:4-7         Lair: D:8-11

Altars:
Gozag
Beogh

Shops:
D:2 =   D:3 ?

Annotations:
D:6 3 runed translucent doors, Tollund's ghost, novice TrMo
D:7 3 runed translucent doors, Maggie; Menkaure; Stomo's ghost, novice OgTm


Innate Abilities, Weirdness & Mutations

You have a pair of small antennae on your head.
You are mostly covered in rugged brown scales. (AC +2, +5% HP)
When hurt, damage is shared between your health and your magic reserves.
You regenerate magic rapidly.
When low on magic, you restore magic in place of health.


Message History

The orc is severely wounded.
The foxfire hits the water moccasin.
The water moccasin is almost dead.
The water moccasin bites you.
Menkaure gestures wildly while chanting.
Menkaure seems to speed up.
The water moccasin bites you.
Menkaure calls on the powers of darkness!
Your body is wracked with pain!
There is a stone staircase leading down here.
The water moccasin bites you!
You are poisoned.
The water moccasin poisons you! The orc barely misses you.
The water moccasin bites you.
You climb downwards.
You feel very sick.
Found a buckler.
There is a stone staircase leading up here.
Okay, then.
Casting: Foxfire (safe; 1% risk of failure)
Confirm with . or Enter, or press ? or * to list all spells.
Flames lash the killer bee zombie.
The killer bee zombie is moderately damaged.
The killer bee zombie's fire resistance burns away.
You feel sick.
You hear a shout!
The killer bee zombie hits you but does no damage.
The orc hits you with a +0 mace.
* * * LOW HITPOINT WARNING * * *
The water moccasin bites you.
* * * LOW HITPOINT WARNING * * *
You are lethally poisoned!
The water moccasin poisons you!
A troll comes into view.
* * * LOW HITPOINT WARNING * * *
You feel very sick.
The killer bee zombie closely misses you.
The water moccasin bites you.
* * * LOW HITPOINT WARNING * * *
You die...

#.# #.# # #.##
#. ... #
#.##.#######
#.#.T..#......
#.##SZ..[....
#..o......#
#.##@##.##.#
#. #.# # # #.#
#.# #.# #..
###


You could see a troll, a water moccasin, an orc and a killer bee zombie
(combustible).

Vanquished Creatures
  A centaur zombie (D:6)
  Prince Ribbit (D:7)
  2 water moccasins
  A necrophage (D:7)
  An ogre (D:6)
  A sky beast (D:6)
  A bullfrog (D:4)
  A kobold brigand (D:6)
  A wyvern zombie (D:7)
  2 scorpions
  2 jellies
  2 hounds
  An iguana (D:6)
  2 orc wizards
  A scorpion zombie (D:5)
  Natasha (thrice) (D:2)
  4 gnolls
  11 adders
  A shadow imp (D:6)
  2 ufetubi
  2 worms
  A dart slug (D:3)
  11 orcs
  5 ball pythons
  4 bats
  5 endoplasms (D:2)
  2 giant cockroaches
  9 goblins
  A hobgoblin (D:1)
  4 jackals
  15 kobolds
  A quokka (D:2)
  7 frilled lizards
  9 rats
117 creatures vanquished.

Vanquished Creatures (others)
  An orc wizard (D:4)
  173 foxfires
174 creatures vanquished.

Grand Total: 291 creatures vanquished

Notes
Turn   | Place    | Note
-------+----------+-------------------------------------------
     0 | D:1      | Scuddy the Demonspawn Fire Elementalist began the quest for
                  | the Orb.
     0 | D:1      | Reached XP level 1. HP: 13/13 MP: 3/3
   592 | D:1      | Gained mutation: You have a pair of small antennae on your
                  | head. [demonic ancestry]
   592 | D:1      | Reached XP level 2. HP: 19/19 MP: 5/5
  1261 | D:2      | Learned a level 2 spell: Scorch
  1379 | D:2      | Reached XP level 3. HP: 19/24 MP: 1/7
  1554 | D:2      | Found Liate's Jewellery Shoppe.
  1790 | D:2      | Reached skill level 3 in Fire Magic
  1847 | D:2      | Identified the +10 hand axe of Death's Door {flame, rN+}
  1958 | D:2      | Found a faded altar of an unknown god.
  2367 | D:2      | Learned a level 3 spell: Conjure Flame
  2393 | D:2      | Gained mutation: You are partially covered in rugged brown
                  | scales. (AC +1, +3% HP) [demonic ancestry]
  2393 | D:2      | Reached XP level 4. HP: 24/30 MP: 6/8
  2396 | D:2      | Noticed Natasha
  2399 | D:2      | Killed Natasha
  3049 | D:2      | Noticed Natasha
  3055 | D:2      | Killed Natasha
  3079 | D:2      | Noticed Natasha
  3085 | D:2      | Killed Natasha
  3086 | D:2      | Gained mutation: You regenerate magic rapidly. [demonic
                  | ancestry]
  3086 | D:2      | Reached XP level 5. HP: 31/36 MP: 1/9
  3288 | D:3      | Reached skill level 4 in Fire Magic
  3879 | D:3      | Found Fink's Magic Scroll Shoppe.
  3887 | D:3      | Bought a scroll of blinking for 97 gold pieces
  4334 | D:4      | Gained mutation: When hurt, damage is shared between your
                  | health and your magic reserves. [demonic ancestry]
  4334 | D:4      | Reached XP level 6. HP: 22/42 MP: 8/11
  4746 | D:4      | Reached skill level 1 in Maces & Flails
  5063 | D:5      | Entered Level 5 of the Dungeon
  5312 | D:5      | Reached skill level 5 in Fire Magic
  5414 | D:5      | Found an opulent altar of Gozag.
  5522 | D:5      | Gained mutation: When low on magic, you restore magic in
                  | place of health. [demonic ancestry]
  5522 | D:5      | Reached XP level 7. HP: 47/47 MP: 5/13
  5591 | D:5      | Learned a level 3 spell: Inner Flame
  5596 | D:5      | Learned a level 4 spell: Flame Wave
  5856 | D:6      | Found a runed translucent gate.
  5856 | D:6      | Found a runed translucent gate.
  5856 | D:6      | Found a runed translucent gate.
  5859 | D:6      | Noticed Tollund's ghost (novice TrMo)
  5861 | D:6      | Identified the +0 plate armour "Zeclelutt" {rF+ Int+9 Dex-4
                  | Stlth+}
  6093 | D:6      | Reached skill level 6 in Fire Magic
  6093 | D:6      | Gained mutation: You are mostly covered in rugged brown
                  | scales. (AC +2, +5% HP) [demonic ancestry]
  6093 | D:6      | Reached XP level 8. HP: 8/54 MP: 7/15
  6805 | D:7      | Noticed Maggie
  6825 | D:7      | Reached skill level 5 in Spellcasting
  6825 | D:7      | Reached skill level 5 in Conjurations
  6916 | D:7      | Reached skill level 1 in Hexes
  6933 | D:7      | Found a runed translucent gate.
  6933 | D:7      | Found a runed translucent gate.
  6933 | D:7      | Found a runed translucent gate.
  6933 | D:7      | Noticed Stomo's ghost (novice OgTm)
  6945 | D:7      | Noticed Prince Ribbit
  6953 | D:7      | Killed Prince Ribbit
  6954 | D:7      | Reached skill level 7 in Fire Magic
  6958 | D:7      | Noticed Menkaure
  6971 | D:8      | Noticed a troll
  6972 | D:8      | HP: 2/54 [water moccasin (3)]
  6973 | D:8      | Succumbed to a water moccasin's poison

Illustrated notes

Levels and vault maps discovered:
D:1:      dpeg_arrival_shelter, layout_basic
D:2:      minmay_razor_zed, layout_basic, serial_shops, shop,
          hellmonk_ecumenical_altar_zigzags, serial_park_tiny_pond, uniq_natasha
D:3:      layout_loops_cross, serial_shops, shop, st_stairs_3,
          chequers_serial_rivers_small_3, minmay_close_crescents
D:4:      layout_cave_pools, minmay_small_thing
D:5:      layout_rooms, grunt_gozag_breadcrumbs
D:6:      layout_basic, biasface_ghost_orc_armoury
D:7:      layout_cave_pods, minmay_temple_entry_hall, ebering_ghost_rock_garden,
          serial_gnoll_camp, gnoll_camp_mini_house, gnoll_camp_mini_loothouse,
          gnoll_camp_medium_01, gnoll_camp_mini_hut, uniq_menkaure,
          uniq_prince_ribbit1, uniq_maggie
D:8:      layout_loops_ring

Skill      XL: |  1  2  3  4  5  6  7  8 |
---------------+-------------------------+-----
Fire Magic     | 3 4 5 6 7 |  7.2
Conjurations   | 2 3 4 5 |  5.4
Spellcasting   | 3 4 5 |  5.0
Maces & Flails | 1 2 3 |  3.9
Hexes          | 1 |  1.9
Dodging        | |  1.7
Stealth        | |  1.7

Action                   |  1- 3 |  4- 6 |  7- 9 || total
-------------------------+-------+-------+-------++-------
Melee: Dagger            |    40 |       |       ||    40
       Unarmed           |     5 |       |       ||     5
       Quarterstaff      |     9 |       |       ||     9
       Whip              |    66 |    89 |    50 ||   205
       Punch             |     1 |     2 |     1 ||     4
 Cast: Foxfire           |    11 |    27 |    63 ||   101
       Scorch            |     9 |    35 |    24 ||    68
Evoke: Wand              |       |     3 |       ||     3
  Use: Scroll            |       |    10 |       ||    10
       Potion            |       |     1 |     3 ||     4
 Stab: Sleeping          |     9 |     4 |     1 ||    14
Armor: Robe              |    25 |    24 |       ||    49
       Leather armour    |       |    12 |    44 ||    56
       Skin              |       |       |     6 ||     6
Dodge: Dodged            |    91 |    74 |    81 ||   246
